 Dungeon Crawl Stone Soup version 0.22.1-2-g9c5b331 (webtiles) character file.

1726 magicm the Slasher (level 8, -1/61 (62) HPs)
             Began as a Demonspawn Abyssal Knight on Nov 16, 2018.
             Was a Priest of Lugonu.
             Slain by a two-headed ogre
             ... wielding a +0 giant club
              (15 damage)
             ... on level 8 of the Dungeon.
             The game lasted 00:29:46 (7823 turns).

magicm the Slasher (Demonspawn Abyssal Knight)      Turns: 7823, Time: 00:29:48

HP:   -1/61 (62)    AC: 13    Str: 19    XL:     8   Next: 75%
MP:   0/10          EV: 11    Int: 13    God:    Lugonu [***...]
Gold: 343           SH:  3    Dex: 13    Spells: 7/7 levels left

rFire    . . .     SeeInvis .   y - +1 double sword
rCold    . . .     Gourm    .   E - +0 buckler
rNeg     . . .     Faith    .   j - +0 ring mail
rPois    .         Spirit   +   (helmet restricted)
rElec    .         Reflect  .   (no cloak)
rCorr    .         Harm     .   f - +1 pair of gloves
MR       .....                  i - +0 pair of boots
Stlth    ++++......             p - amulet of guardian spirit
HPRegen  0.20/turn              C - +2 ring of protection
MPRegen  0.12/turn              v - +4 ring of strength

@: no status effects
A: horns 2, slimy green scales 1, demonic guardian 1, nightstalker 2
a: Depart the Abyss, Bend Space, Banish, Renounce Religion


You were on level 8 of the Dungeon.
You worshipped Lugonu.
Lugonu was most pleased with you.
You were not hungry.

You visited 1 branch of the dungeon, and saw 8 of its levels.
You visited the Abyss 1 time.

You collected 553 gold pieces.
You spent 210 gold pieces at shops.

Inventory:

Hand Weapons
 e - a +2 antimagic hand axe
 w - a +2 hand axe of electrocution
 y - a +1 double sword (weapon)
Missiles
 z - a tomahawk (quivered)
Armour
 f - a +1 pair of gloves (worn)
 i - a +0 pair of boots (worn)
 j - a +0 ring mail (worn)
 E - a +0 buckler (worn)
Jewellery
 p - an amulet of guardian spirit (around neck)
 v - a +4 ring of strength (right hand)
 C - a +2 ring of protection (left hand)
Wands
 b - a wand of enslavement (22)
 n - a wand of flame (17)
 o - a wand of polymorph (9)
 x - a wand of iceblast (11)
 A - a wand of digging (11)
Scrolls
 l - 4 scrolls of blinking
 m - a scroll of amnesia
 s - a scroll of remove curse
 t - a scroll of fear
Potions
 a - a potion of might {unknown}
 d - 2 potions of ambrosia
 g - 2 potions of haste
 h - a potion of invisibility {unknown}
 k - 2 potions of degeneration {unknown}
 q - 5 potions of brilliance
 r - 4 potions of cancellation {unknown}
 u - 2 potions of curing
 B - 2 potions of heal wounds
 D - a potion of berserk rage {unknown}
Comestibles
 c - 14 rations


   Skills:
 + Level 5.1 Fighting
 + Level 6.4 Long Blades
 + Level 1.6 Axes
 + Level 0.3 Throwing
 + Level 5.0 Armour
 + Level 3.5 Dodging
 + Level 3.4 Stealth
 + Level 0.1 Shields
 + Level 2.6 Invocations


You had 7 spell levels left.
You didn't know any spells.
Your spell library contained the following spells:

 Spells                   Type           Power        Failure   Level  Hunger
 Corona                   Hex            #......      63%         1    ##.....
 Ensorcelled Hibernation  Hex/Ice        #.....       77%         2    ###....
 Confuse                  Hex            #.......     94%         3    ####...
 Dazzling Spray           Conj/Hex       #.....       94%         3    ####...
 Tukima's Dance           Hex            #.......     94%         3    ####...


Dungeon Overview and Level Annotations

Branches:
Dungeon (8/15)             Temple (0/1) D:4
   Lair: D:8-11

Altars:
Qazlal
Xom
Zin
The Shining One

Shops:
D:5 (   D:7 !

Annotations:
D:5 corrupted


Innate Abilities, Weirdness & Mutations

You have a pair of horns on your head.
You are partially covered in slimy green scales. (AC +2)
A weak demonic guardian rushes to your aid.
You are significantly more attuned to the shadows.


Message History

The orc priest miscasts a cantrip.
The orc misses you.
The crimson imp hits you but does no damage.
The two-headed ogre hits you with a giant club!!
The two-headed ogre hits you with a giant spiked club!
You hit the orc.
The orc is severely wounded.
The orc priest invokes the aid of Beogh against you.
Pain shoots through your body! The orc closely misses you.
You riposte.
You slash the orc!
You kill the orc!
Lugonu accepts your kill.
The crimson imp hits you but does no damage.
The orc priest hits you but does no damage.
You slash the two-headed ogre!
The two-headed ogre is lightly wounded.
The two-headed ogre hits you with a giant club!
* * * LOW HITPOINT WARNING * * *
The two-headed ogre hits you with a giant spiked club!!
You die...

#.. # ..#
#.#.#
###.#.#####
....))o....
..####@O....
.....<5>.###
.......#.#
.....?.#..#
.......# .#
###..### .#
..[


You could see a two-headed ogre, an orc priest and a crimson imp.

Vanquished Creatures
  Edmund (D:5)
  2 ogres
  An ice beast (D:6)
  A scorpion (D:7)
  2 bullfrog zombies (D:5)
  A crimson imp (D:6)
  A quasit (D:5)
  A bullfrog skeleton (D:7)
  A centaur zombie (D:7)
  3 hounds
  6 orc wizards
  Ijyb (D:5)
  2 iguanas
  3 worker ants
  A killer bee zombie (D:5)
  A hound skeleton (D:4)
  2 worker ant zombies
  2 howler monkey skeletons
  11 adders
  7 gnolls (D:5)
  2 shadow imps
  A white imp (D:7)
  4 adder zombies
  2 adder skeletons
  4 worms
  3 dart slugs
  5 leopard geckos
  15 orcs
  A ball python (D:3)
  6 bats
  7 giant cockroaches
  4 goblins
  12 hobgoblins
  A jackal (D:5)
  8 kobolds
  5 quokkas
  A ball python skeleton (D:5)
  6 frilled lizards
  A goblin zombie (D:7)
  A hobgoblin zombie (D:7)
  A jackal skeleton (D:6)
  2 leopard gecko skeletons
  A leopard gecko zombie (D:6)
  2 orc skeletons (D:7)
  2 orc zombies (D:7)
  3 quokka skeletons
  2 quokka zombies (D:5)
  8 rats
160 creatures vanquished.

Vanquished Creatures (collateral kills)
  Grinder (D:4)
  A necrophage (D:6)
  A scorpion (D:4)
  An orc priest (D:5)
  An orc wizard (D:4)
  A hound skeleton (D:4)
  A gnoll (D:5)
  An adder (D:4)
  A shadow imp (D:6)
  6 orcs
  A giant cockroach (D:3)
  A jackal (D:5)
  A leopard gecko skeleton (D:4)
  A leopard gecko zombie (D:5)
19 creatures vanquished.

Vanquished Creatures (others)
  A shadow imp (D:5)
1 creature vanquished.

Grand Total: 180 creatures vanquished

Notes
Turn   | Place    | Note
-------+----------+-------------------------------------------
     0 | Abyss:1  | magicm the Demonspawn Abyssal Knight began the quest for
                  | the Orb.
     0 | Abyss:1  | Reached XP level 1. HP: 18/18 MP: 2/2
    24 | Abyss:1  | Noticed a quasit
    24 | Abyss:1  | Noticed a purple very ugly thing
    28 | Abyss:1  | Noticed a thrashing horror
    28 | Abyss:1  | Noticed a worldbinder
    30 | Abyss:1  | Noticed a wraith
    30 | Abyss:1  | Noticed a wraith
    30 | Abyss:1  | Noticed a shadow
    31 | D:1      | Escaped the Abyss
   318 | D:1      | Reached skill level 1 in Dodging
   373 | D:1      | Gained mutation: A weak demonic guardian rushes to your
                  | aid. [demonic ancestry]
   373 | D:1      | Reached XP level 2. HP: 15/24 MP: 3/3
   457 | D:1      | Reached skill level 2 in Long Blades
   544 | D:1      | Reached * piety under Lugonu
  1592 | D:2      | Gained mutation: You are partially covered in slimy green
                  | scales. (AC +2) [demonic ancestry]
  1592 | D:2      | Reached XP level 3. HP: 29/29 MP: 4/4
  2243 | D:2      | Reached XP level 4. HP: 33/35 MP: 5/5
  2560 | D:3      | Reached skill level 3 in Long Blades
  2636 | D:3      | Reached ** piety under Lugonu
  2680 | D:3      | Gained mutation: You are slightly more attuned to the
                  | shadows. [demonic ancestry]
  2680 | D:3      | Reached XP level 5. HP: 15/41 MP: 6/6
  3781 | D:4      | Found a glowing silver altar of Zin.
  3782 | D:4      | Noticed an angel
  3870 | D:4      | Reached skill level 1 in Stealth
  3870 | D:4      | Gained mutation: You have a pair of small horns on your
                  | head. [demonic ancestry]
  3870 | D:4      | Reached XP level 6. HP: 39/47 MP: 7/7
  3975 | D:4      | Reached skill level 4 in Long Blades
  4085 | D:4      | Reached *** piety under Lugonu
  4188 | D:4      | Noticed Grinder
  4219 | D:4      | Killed Grinder
  4219 | D:4      | Gained mutation: You have a pair of horns on your head.
                  | [demonic ancestry]
  4219 | D:4      | Reached XP level 7. HP: 27/53 MP: 3/8
  4563 | D:4      | Found a staircase to the Ecumenical Temple.
  4701 | D:5      | Entered Level 5 of the Dungeon
  4804 | D:5      | Noticed Edmund
  4815 | D:5      | Killed Edmund
  4815 | D:5      | Reached skill level 5 in Long Blades
  5084 | D:5      | Noticed Ijyb
  5148 | D:5      | Killed Ijyb
  5419 | D:5      | Gained mutation: You are significantly more attuned to the
                  | shadows. [demonic ancestry]
  5419 | D:5      | Reached XP level 8. HP: 36/61 MP: 7/9
  5423 | D:5      | Reached skill level 1 in Axes
  5465 | D:5      | HP: 1/61 [gnoll/halberd (8)]
  5468 | D:5      | Reached **** piety under Lugonu
  5836 | D:5      | Found Higic's Weapon Shoppe.
  5842 | D:5      | Bought a +0 double sword for 210 gold pieces
  5989 | D:5      | Corrupted D:5
  5989 | D:5      | Noticed a rakshasa
  5989 | D:5      | Noticed a guardian serpent
  5989 | D:5      | Noticed a hellwing
  5989 | D:5      | Noticed a large abomination
  5989 | D:5      | Noticed a sixfirhy
  5989 | D:5      | Noticed an orange demon
  5989 | D:5      | Noticed a starcursed mass
  5993 | D:5      | Noticed a large abomination
  6002 | D:5      | Noticed a smoke demon
  6166 | D:5      | Noticed a green death
  6191 | D:5      | Noticed a large abomination
  6193 | D:5      | Noticed a thrashing horror
  6964 | D:7      | Reached skill level 5 in Fighting
  6964 | D:7      | Reached skill level 6 in Long Blades
  7102 | D:7      | Found a glowing golden altar of the Shining One.
  7452 | D:7      | Found Xoyrasylu's Distillery.
  7748 | D:7      | Found a shimmering altar of Xom.
  7748 | D:7      | Found a stormy altar of Qazlal.
  7817 | D:8      | Noticed a two-headed ogre
  7821 | D:8      | Reached skill level 5 in Armour
  7823 | D:8      | Slain by a two-headed ogre

Skill      XL: |  1  2  3  4  5  6  7  8 |
---------------+-------------------------+-----
Dodging        | 1 2 3 |  3.5
Long Blades    | 2 3 4 5 6 |  6.4
Armour         | 2 3 4 5 |  5.0
Stealth        | 1 2 3 |  3.4
Fighting       | 4 5 |  5.1
Axes           | 1 |  1.6
Throwing       | |  0.3
Shields        | |  0.1
Invocations    | |  2.6

Action                   |  1- 3 |  4- 6 |  7- 9 || total
-------------------------+-------+-------+-------++-------
Melee: Falchion          |   107 |   204 |    76 ||   387
       Headbutt          |       |    13 |    37 ||    50
       Hand axe          |       |       |    38 ||    38
       Double sword      |       |       |    93 ||    93
Throw: Tomahawk          |       |       |     6 ||     6
Invok: Depart the Abyss  |     1 |       |       ||     1
       Bend Space        |       |     1 |       ||     1
       Corrupt           |       |       |     1 ||     1
  Use: Scroll            |     9 |     4 |     7 ||    20
       Potion            |       |     1 |     4 ||     5
 Stab: Sleeping          |       |     4 |    16 ||    20
       Distracted        |       |     1 |     2 ||     3
  Eat: Ration            |     2 |     2 |     3 ||     7
Armor: Leather armour    |    33 |       |       ||    33
       Ring mail         |    18 |    97 |   125 ||   240
Dodge: Dodged            |    82 |   110 |   165 ||   357
Block: Buckler           |       |       |     8 ||     8
       Rpst.: Falchion   |    21 |    40 |    15 ||    76
       Double sword      |       |       |    13 ||    13
